 Dungeon Crawl Stone Soup version 0.24-a0-251-g44e327e (webtiles) character file.

Game seed: 15332357851824049099

4079 Lanoc the Cleaver (level 10, -2/98 HPs)
             Began as a Troll Gladiator on Apr 16, 2019.
             Was a Priest of Uskayaw.
             Killed by the air
             ... invoked by Gastronok
              (27 damage)
             ... on level 8 of the Dungeon.
             The game lasted 00:12:23 (5132 turns).

Lanoc the Cleaver (Troll Gladiator)                 Turns: 5132, Time: 00:12:23

Health: -2/98      AC: 10    Str: 24    XL:     10   Next: 5%
Magic:  10/10      EV: 16    Int:  4    God:    Uskayaw [***...]
Gold:   177        SH:  0    Dex: 14    Spells: 9/9 levels left

rFire    . . .     SeeInvis .   a - +1 war axe
rCold    . . .     Gourm    +   (no shield)
rNeg     . . .     Faith    .   o - +0 troll leather armour
rPois    .         Spirit   .   c - +1 hat
rElec    .         Reflect  .   y - +0 cloak {MR+}
rCorr    +         Harm     .   (gloves unavailable)
MR       +....                  (boots unavailable)
Stlth    +.........             (no amulet)
HPRegen  1.06/turn              q - ring of resist corrosion
MPRegen  0.12/turn              h - +3 ring of evasion

@: no status effects
A: large, unfitting armour, claws 3, fast metabolism 3, gourmand, regeneration
1, shaggy fur 1, tough skin 3
a: Stomp, Line Pass, Renounce Religion


You were on level 8 of the Dungeon.
You worshipped Uskayaw.
Uskayaw was noncommittal.
You were completely stuffed.

You visited 2 branches of the dungeon, and saw 9 of its levels.
You also visited: Sewer.

You collected 306 gold pieces.
You spent 129 gold pieces at shops.

Inventory:

Hand Weapons
 a - a +1 war axe (weapon)
Missiles
 d - 3 throwing nets (quivered)
Armour
 c - a +1 hat (worn)
 o - a +0 troll leather armour (worn)
 y - a +0 cloak of magic resistance (worn)
Jewellery
 h - a +3 ring of evasion (right claw)
 q - a ring of resist corrosion (left claw)
Wands
 v - a wand of flame (20)
 A - a wand of scattershot (7)
Scrolls
 b - a scroll of fog {unknown}
 g - 3 scrolls of identify
 j - a scroll of immolation {unknown}
 m - 8 scrolls of teleportation
 s - 2 scrolls of enchant armour
 t - a scroll of blinking {unknown}
 w - 2 scrolls of magic mapping
 x - a scroll of fear
 z - a scroll of enchant weapon
Potions
 e - 2 potions of curing
 i - a potion of invisibility {unknown}
 k - 4 potions of flight
 l - 2 potions of agility {unknown}
 n - 4 potions of brilliance {unknown}
 p - 2 potions of magic
 r - a potion of might
 u - a potion of heal wounds
Comestibles
 f - 20 rations
 B - 2 chunks of flesh


   Skills:
 + Level 6.2 Fighting
 * Level 9.0 Axes
 - Level 1.7 Throwing
 + Level 6.4 Dodging
 + Level 1.7 Invocations


You had 9 spell levels left.
You didn't know any spells.
Your spell library contained the following spells:

 Spells                   Type           Power        Failure   Level  Hunger
 Sandblast                Erth           #.....       54%         1    ##.....
 Passwall                 Tmut/Erth      #.......     69%         2    ###....
 Stone Arrow              Conj/Erth      #.....       89%         3    ####...
 Petrify                  Tmut/Erth      #.......     100%        4    #####..
 Lee's Rapid Deconstruct  Erth           #.........   100%        5    ######.


Dungeon Overview and Level Annotations

Branches:
Dungeon (8/15)             Temple (1/1) D:7
   Lair: D:8-11

Altars:
Cheibriados
Elyvilon
Fedhas
Hepliaklqana
Kikubaaqudgha
Makhleb
Nemelex Xobeh
Okawaru
Sif Muna
Trog
Uskayaw
Vehumet
Xom
Yredelemnul
Zin

Shops:
D:5 *

Annotations:
D:8 Gastronok


Innate Abilities, Weirdness & Mutations

You are too large for most types of armour.
You have claws for hands.
Your metabolism is lightning-fast.
You like to eat raw meat.
Your natural rate of healing is unusually fast.
You are covered in fur. (AC +1)
You have extremely tough skin. (AC +3)


Message History

The centaur skeleton barely misses you.
Uskayaw will force your foes to helplessly watch your dance.
Uskayaw prepares the audience for your solo!
The helpless centaur fails to defend itself.
You slice the centaur!!
You kill the centaur!
The helpless hippogriff fails to defend itself.
You slice the hippogriff!!
The helpless centaur skeleton fails to defend itself.
You slash the centaur skeleton!
The helpless orc warrior fails to defend itself.
You hit the orc warrior but do no damage.
You hit something.
Gastronok is no longer paralysed.
The hippogriff is no longer paralysed.
The hippogriff bites you! The hippogriff pecks you.
* * * LOW HITPOINT WARNING * * *
The hippogriff claws you but does no damage.
Gastronok waves his eye-stalks in wide circles.
The air twists around and strikes you!
You die...

≈≈≈;;≈≈....
≈≈≈.≈........ ...
≈;≈..≈≈.....# ..#
≈...........# ..#
............# ..# #
###.# #....# o.#.#
..#.#####..h#####oo..
#.#.÷...........H)##.#..
...............Z@.......
..............(.o)o#....
#.##.##.......###.....#.
..##.##.#...#.# ...#...
#.##.##.#(..#.# #..w.##
..##.##.#...#.# .##..
.....##<......# .. ...
#########...### ### .# #
#.......#


You could see Gastronok, a hippogriff, 2 orc warriors, a hound (paralysed), 3
orcs and a centaur skeleton (paralysed).

Vanquished Creatures
  Pikel (D:6)
  A troll (D:8)
  A spriggan (D:7)
  Edmund (D:6)
  Menkaure (D:6)
  3 ice beasts
  4 sky beasts
  3 ogres
  2 phantoms (D:5)
  3 centaurs
  A wolf (D:8)
  A big kobold (D:8)
  A gnoll sergeant (D:8)
  2 bullfrogs (D:6)
  3 howler monkeys
  2 crimson imps
  3 bullfrog zombies
  4 jellies
  6 hounds
  7 orc wizards
  Crazy Yiuf (D:6)
  2 orc priests
  2 bullfrog skeletons
  An iguana (D:4)
  3 worker ants
  A killer bee zombie (D:7)
  A hound skeleton (D:7)
  2 worker ant zombies
  4 gnolls (D:8)
  8 adders
  2 river rats (D:5)
  3 shadow imps
  An adder skeleton (D:6)
  A worm (D:6)
  2 dart slugs
  A leopard gecko (D:4)
  30 orcs
  5 ball pythons
  2 bats
  3 giant cockroaches
  4 hobgoblins
  11 jackals
  12 kobolds
  3 quokkas
  4 frilled lizards
  A quokka skeleton (D:5)
  6 rats
  5 plants (Sewer)
171 creatures vanquished.

Vanquished Creatures (others)
  An adder skeleton (D:8)
  2 plants (Sewer)
3 creatures vanquished.

Grand Total: 174 creatures vanquished

Notes
Turn   | Place    | Note
-------+----------+-------------------------------------------
     0 | D:1      | Lanoc the Troll Gladiator began the quest for the Orb.
     0 | D:1      | Reached XP level 1. HP: 19/19 MP: 0/0
   118 | D:2      | Reached XP level 2. HP: 27/28 MP: 1/1
   459 | D:3      | Reached skill level 3 in Axes
   461 | D:3      | Reached XP level 3. HP: 31/35 MP: 2/2
   890 | D:4      | Reached XP level 4. HP: 42/42 MP: 3/3
  1076 | D:4      | Reached XP level 5. HP: 50/50 MP: 4/4
  1088 | D:4      | Reached skill level 4 in Axes
  1375 | D:4      | Reached XP level 6. HP: 59/59 MP: 5/5
  1451 | D:5      | Entered Level 5 of the Dungeon
  1601 | D:5      | Reached skill level 5 in Axes
  1601 | D:5      | Reached XP level 7. HP: 60/67 MP: 6/6
  1665 | D:5      | Found a bloodstained altar of Trog.
  1743 | D:5      | Found Levonoju's Assorted Antiques.
  1746 | D:5      | Bought a scroll labeled HODDABBOILL for 23 gold pieces
  1746 | D:5      | Bought a scroll labeled HEB ZAPRAUWK for 23 gold pieces
  1746 | D:5      | Bought a scroll labeled KES POGODE for 23 gold pieces
  1746 | D:5      | Bought an amethyst potion for 20 gold pieces
  1746 | D:5      | Bought a golden potion for 20 gold pieces
  1746 | D:5      | Bought a glowing brown potion for 20 gold pieces
  1824 | D:5      | Found a glowing drain.
  1828 | Sewer    | Entered a sewer
  3063 | D:6      | Noticed Edmund
  3065 | D:6      | Reached skill level 6 in Axes
  3065 | D:6      | Reached XP level 8. HP: 58/78 MP: 7/7
  3068 | D:6      | Killed Edmund
  3281 | D:6      | Noticed Menkaure
  3291 | D:6      | Killed Menkaure
  3291 | D:6      | Reached skill level 5 in Dodging
  3337 | D:6      | Reached skill level 7 in Axes
  3516 | D:6      | Noticed Pikel
  3543 | D:6      | Killed Pikel
  3543 | D:6      | Reached skill level 5 in Fighting
  3543 | D:6      | Reached XP level 9. HP: 78/88 MP: 8/8
  3556 | D:6      | Found a hazy altar of Hepliaklqana.
  3837 | D:6      | Found a runed translucent door.
  3838 | D:6      | Noticed Crazy Yiuf
  3847 | D:6      | Killed Crazy Yiuf
  3899 | D:7      | Found a blossoming altar of Fedhas.
  3976 | D:7      | Reached skill level 8 in Axes
  4357 | D:7      | Found a staircase to the Ecumenical Temple.
  4371 | Temple   | Entered the Ecumenical Temple
  4427 | Temple   | Became a worshipper of Uskayaw the Reveler
  4520 | D:7      | Reached * piety under Uskayaw
  4522 | D:7      | Reached ** piety under Uskayaw
  4525 | D:7      | Reached *** piety under Uskayaw
  4723 | D:8      | Noticed a troll
  4833 | D:8      | Reached **** piety under Uskayaw
  4836 | D:8      | Reached ***** piety under Uskayaw
  4839 | D:8      | Reached skill level 1 in Invocations
  4849 | D:8      | Reached ****** piety under Uskayaw
  4983 | D:8      | Killed a troll
  4983 | D:8      | Reached XP level 10. HP: 9/98 MP: 10/10
  5126 | D:8      | Noticed Gastronok
  5129 | D:8      | Reached skill level 9 in Axes
  5132 | D:8      | Killed from afar by Gastronok

Levels and vault maps discovered:
D:1:      dpeg_arrival_rooms_a, layout_basic
D:2:      layout_loops_ring, serial_glass, glass_columns_a, glass_columns_a,
          minmay_pentomino_q4
D:3:      layout_basic
D:4:      layout_loops_ring, minmay_puff
D:5:      layout_rooms, old_standard_altar, serial_shops, kennysheep_mini,
          gup_sewer_entry_spiral, first_ration, patterned_corridor
D:6:      layout_basic, lemuel_doored_altar, kennysheep_generic_room_2,
          uniq_menkaure, uniq_crazy_yiuf_cottage, uniq_edmund, uniq_pikel
D:7:      layout_loops_ring, minmay_temple_entry_ruins, the_bakery,
          fedhas_altar_1
D:8:      layout_loops_cross, erik_lair_island, uniq_gastronok
Temple:   regret_index_temple_waves
Sewer:    sewer_co_scattered_pipes

Skill      XL: |  1  2  3  4  5  6  7  8  9 10 |
---------------+-------------------------------+-----
Fighting       | 2 3 4 5 6 |  6.2
Axes           | 3 4 5 6 7 8 9 |  9.0
Dodging        | 3 4 5 6 |  6.4
Invocations    | 1 |  1.7
Throwing       | |  1.7

Action                   |  1- 3 |  4- 6 |  7- 9 | 10-12 || total
-------------------------+-------+-------+-------+-------++-------
Melee: War axe           |    75 |   127 |   451 |     8 ||   661
Invok: Grand Finale      |       |       |     1 |       ||     1
  Use: Scroll            |       |     5 |     8 |       ||    13
       Potion            |       |       |     6 |       ||     6
 Stab: Sleeping          |     3 |     1 |       |       ||     4
       Paralysed         |       |       |     9 |     4 ||    13
  Eat: Chunk             |    11 |     9 |    36 |     1 ||    57
Armor: Robe              |    31 |    44 |   109 |       ||   184
       Troll leather arm |       |       |       |     7 ||     7
Dodge: Dodged            |    61 |   110 |   383 |    23 ||   577

Table legend:
 A = Non-vault XP
 B = Vault XP
 C = Vault XP percentage of total XP
 D = Non-vault monster count
 E = Vault monster count
 F = Vault count percentage of total count
                 A         B        C        D         E       F
            +---------+---------+-------+---------+---------+-------
      Total |    3745 |    2083 |  35.7 |     128 |      38 |  22.9
            +---------+---------+-------+---------+---------+-------
        D:1 |       4 |       0 |   0.0 |       3 |       0 |   0.0
        D:2 |      13 |       0 |   0.0 |       7 |       0 |   0.0
        D:3 |      46 |       0 |   0.0 |      12 |       0 |   0.0
        D:4 |     292 |      41 |  12.3 |      19 |       2 |   9.5
        D:5 |     636 |      29 |   4.4 |      14 |       4 |  22.2
        D:6 |    1025 |    1194 |  53.8 |      22 |       7 |  24.1
        D:7 |    1017 |     215 |  17.5 |      26 |       1 |   3.7
        D:8 |     712 |     550 |  43.6 |      25 |       5 |  16.7
      Sewer |       0 |      54 | 100.0 |       0 |      19 | 100.0
            +---------+---------+-------+---------+---------+-------
